 Dungeon Crawl Stone Soup version 0.30.1-3-gfc49f6343a (webtiles) character file.

Game seed: 15113761168409155681

3 Peloso the Trooper (level 1, 20/20 HPs)
             Began as a Minotaur Fighter on July 26, 2023.
             Got out of the dungeon alive.
             The game lasted 00:00:29 (70 turns).

Peloso the Trooper (Minotaur Fighter)                 Turns: 70, Time: 00:00:30

Health: 20/20      AC:  7    Str: 20    XL:     1   Next: 41%
Magic:  0/0        EV:  9    Int:  5    God:
Gold:   0          SH:  4    Dex:  9    Spells: 0/0 levels left

rFire   . . .        a - +0 long sword (vamp)
rCold   . . .        c - +0 buckler
rNeg    . . .        b - +0 scale mail
rPois   .            (helmet unavailable)
rElec   .            (no cloak)
rCorr   .            (no gloves)
SInv    .            (no boots)
Will    +....        (no amulet) Stlth
                     (no ring)
HPRegen 0.23/turn    (no ring)
MPRegen 0.07/turn

%: no passive effects
@: hasted, very quick
A: horns 3, retaliatory headbutt, strong-willed 1, sturdy frame 1
a: no special abilities


You escaped.
You visited 1 branch of the dungeon, and saw 1 of its levels.

Inventory:

Hand Weapons
 a - a +0 vampiric long sword (weapon)
Armour
 b - a +0 scale mail (worn)
 c - a +0 buckler (worn)
Potions
 d - a potion of might


   Skills:
 + Level 3.7 Fighting
 + Level 2.4 Long Blades
 + Level 3.7 Armour
 + Level 3.7 Shields


You couldn't memorise any spells.
You didn't know any spells.
Your spell library was empty.

Dungeon Overview and Level Annotations

Branches:
Dungeon (1/15)

Altars:


Innate Abilities, Weirdness & Mutations

You have a pair of large horns on your head.
You reflexively headbutt those who attack you in melee.
You are strong-willed. (Will+)
Your movements are slightly less encumbered by armour. (ER -2)


Message History

Found a bubbling yellow potion.
You hit the giant cockroach.
The giant cockroach is heavily wounded.
The giant cockroach closely misses you.
You closely miss the giant cockroach.
The giant cockroach is heavily wounded.
The giant cockroach bites you but does no damage.
You hit the giant cockroach.
You kill the giant cockroach!
You barely miss the goblin. The goblin barely misses you.
You barely miss the goblin. The goblin hits you but does no damage.
The goblin completely misses you.
You completely miss the goblin. You headbutt the goblin.
You kill the goblin!
Things that are here:
a +0 dagger; a giant cockroach corpse
As you read the scroll labelled QOEHUW YDEIKK, it crumbles to dust.
It is a scroll of brand weapon.
Your +0 long sword thirsts for the lives of mortals!
a - a +0 vampiric long sword (weapon)
e - a sapphire potion It was a potion of haste.
You feel yourself speed up.
Things that are here:
a +0 dagger; a giant cockroach corpse
e - a bubbling yellow potion It was a potion of mutation.
You feel extremely strange. The horns on your head grow some more.
You feel less encumbered by your armour.
You feel strong-willed.
(D) Dungeon
Where to? (? - help)
What level of the Dungeon? (default 1, ? - help)
Things that are here:
a +0 dagger; a giant cockroach corpse You open the door.
There is an open door here.
There is an open door here.
There is a staircase leading out of the dungeon here.
Are you sure you want to leave the Dungeon?
This will make you lose the game!
You have escaped!

###.# .# ..#.# #.#
### ..#.# #.# # ...
..†.####.##.# #.#
............####.####
##.#.....##.#≈≈≈.≈≈≈#
##.#........+.≈≈≈≈≈.+
.).'........#≈...§.§#
.#.#.....##.#≈≈.@§≈§#
.#.##..#.##.#≈.....§#
.#.##..#.##.'.≈≈§≈§.+
##...(......#§≈≈.≈≈≈#
##.##..#....####§####
##.##..#.##.# #.#
............# #.#
.##..#..... ... #
#..#.##.#. #


There were no monsters in sight!

Vanquished Creatures
  A giant cockroach (D:1)
  A goblin (D:1)
  A frilled lizard (D:1)
3 creatures vanquished.

Notes
Turn   | Place    | Note
-------+----------+-------------------------------------------
     0 | D:1      | Peloso the Minotaur Fighter began the quest for the Orb.
     0 | D:1      | Reached XP level 1. HP: 19/19 MP: 0/0
    49 | D:1      | Gained mutation: You have a pair of large horns on your
                  | head. [potion of mutation]
    49 | D:1      | Gained mutation: Your movements are slightly less
                  | encumbered by armour. (ER -2) [potion of mutation]
    49 | D:1      | Gained mutation: You are strong-willed. (Will+) [potion of
                  | mutation]
    70 | D:$      | Got out of the dungeon alive.

Illustrated notes

Levels and vault maps discovered:
D:1:      ncdulo_lavacross, layout_basic, shapermc_ecumenical_altar_ellora,
          kennysheep_boxes

Action                     || total
---------------------------++-------
  Melee: Long sword        ||     9
         Headbutt          ||     1
    Use: Potion            ||     2
         Scroll            ||     1
 Armour: Scale mail        ||     3
  Dodge: Dodged            ||     5
